Match 28339875
Unlisted

Match 28339875
End
Construct Section Command Post
Dingo Light Scout Car
Infantry Section
Vickers Machine Gun Team
Infantry Section
Construct Platoon Command Post
Humber Armored Car
Selects Heavy Armor Battlegroup
Selects Rigorous Vehicle Training
Unlock M3 Stuart Light Tanks
Selects Light Vehicle Withdraw and Refit
M3 Stuart Light Tank
Light Vehicle Training
M3 Stuart Light Tank
Selects Forward Repair Assembly
Selects Designate Targets
Designate Targets
M3 Stuart Light Tank
Royal Engineer Section
Designate Targets
Ruby
HulkSMASH
Peter Thornton
爬树的肥猪
0
0

Comments sign in to comment!

No comments posted yet!